 Dungeon Crawl Stone Soup version 0.20.1-1-g8b1a95d (webtiles) character file.

6405 Folque the Destroyer (level 10, -13/56 HPs)
             Began as a Tengu Conjurer on Nov 2, 2017.
             Was an Elder of Sif Muna.
             Mangled by Urug
             ... wielding a +5 halberd
              (32 damage)
             ... on level 10 of the Dungeon.
             The game lasted 01:19:34 (13828 turns).

Folque the Destroyer (Tengu Conjurer)              Turns: 13828, Time: 01:19:35

Health: -13/56     AC:  4    Str:  8    XL:     10   Next: 98%
Magic:  7/22       EV: 12    Int: 20    God:    Sif Muna [****..]
Gold:   493        SH:  0    Dex: 14    Spells: 9/23 levels left

rFire    + + .     SeeInvis .   t - +1 scythe (slice)
rCold    x . .     Gourm    .   (shield currently unavailable)
rNeg     . . .     Faith    .   H - +1 robe {rF+}
rPois    .         Spirit   .   (helmet restricted)
rElec    .         Reflect  .   x - +0 cloak
rCorr    .         Harm     .   (no gloves)
MR       +....                  (boots unavailable)
Stlth    ++........             r - amulet of regeneration
Regen    0.6/turn               s - ring of protection from magic
MPRegen  0.2/turn               n - ring of fire

@: about to teleport
A: beak, talons 3, able to fly 1
a: Fly, Divine Energy, Channel Magic, Forget Spell, Renounce Religion


You were on level 10 of the Dungeon.
You worshipped Sif Muna.
Sif Muna was greatly pleased with you.
You were near starving.

You visited 2 branches of the dungeon, and saw 11 of its levels.
You also visited: Ossuary.

You collected 493 gold pieces.

Inventory:

Hand Weapons
 i - a +0 short sword
 t - a +1 scythe of slicing (weapon)
 w - a +0 falchion of holy wrath
 E - a +3 quarterstaff of chaos
Missiles
 p - 7 needles of confusion
Armour
 a - a +1 robe
 x - a +0 cloak (worn)
 H - a +1 robe of fire resistance (worn)
Jewellery
 n - a ring of fire (right hand)
 r - an amulet of regeneration (around neck)
 s - a ring of protection from magic (left hand)
Wands
 h - a wand of flame (18/48)
 v - a wand of flame (7/48)
 y - a wand of polymorph (11/24)
 G - a wand of iceblast (9/15)
Scrolls
 d - 6 scrolls of remove curse
 f - 3 scrolls of teleportation
 k - 3 scrolls of identify
 o - 4 scrolls of fog
 F - a scroll of enchant armour
 I - a scroll of silence {unknown}
Potions
 e - a potion of lignification
 g - 3 potions of mutation
 m - a potion of curing
 q - a potion of cancellation
 z - 3 potions of magic
 A - a potion of resistance
 B - a potion of brilliance
 C - 2 potions of might
 D - a potion of flight
Books
 b - a book of Conjurations

   Spells                             Type                      Level
   a - Magic Dart                     Conjuration                  1
   b - Searing Ray                    Conjuration                  2
   c - Dazzling Spray                 Conjuration/Hexes            3
   d - Fulminant Prism                Conjuration/Hexes            4
   e - Force Lance                    Conjuration/Translocation    4
   f - Iskenderun's Mystic Blast      Conjuration                  4
Comestibles
 c - 6 bread rations
 l - 3 meat rations
 u - 2 royal jellies
 J - 2 fruits


   Skills:
 - Level 4.1 Fighting
 - Level 4.0 Polearms
 - Level 2.1 Dodging
 - Level 2.0 Stealth
 + Level 7.4 Spellcasting
 * Level 13.3 Conjurations
 - Level 5.0 Translocations
 - Level 5.1 Invocations


You had 9 spell levels left.
You knew the following spells:

 Your Spells              Type           Power        Failure   Level  Hunger
a - Magic Dart            Conj           ####         1%          1    None
b - Searing Ray           Conj           ######       1%          2    None
c - Dazzling Spray        Conj/Hex       ####..       1%          3    #......
d - Iskenderun's Mystic   Conj           ######..     1%          4    ###....
e - Force Lance           Conj/Tloc      #####...     1%          4    ###....


Dungeon Overview and Level Annotations

Branches:
Dungeon (10/15)            Temple (1/1) D:4
   Lair: D:8-11         Orc: D:9-12

Altars:
Ashenzari
Cheibriados
Dithmenos
Elyvilon
Fedhas
Gozag
Hepliaklqana
Kikubaaqudgha
Makhleb
Nemelex Xobeh
Okawaru
Qazlal
Ru
Sif Muna
Trog
Uskayaw
Vehumet
Xom
Yredelemnul
Zin
The Shining One

Shops:
D:8 (

Annotations:
D:4 Menkaure
D:10 Fannar, Urug


Innate Abilities, Weirdness & Mutations

You have a beak for a mouth.
You have claws for feet.
You can fly.


Message History

The searing ray hits the porcupine.
The porcupine is moderately wounded. (Press . to maintain the ray.) Urug screams, "Bird-brain!"
The searing ray hits the porcupine.
The porcupine is almost dead.
The porcupine misses you.
Urug hits you from afar with an enchanted halberd!!
* * * LOW HITPOINT WARNING * * *
The searing ray hits the porcupine.
You kill the porcupine!
Sif Muna accepts your kill.
Urug hits you from afar with an enchanted halberd.
* * * LOW HITPOINT WARNING * * *
You feel better.
As you read the scroll of teleportation, it crumbles to dust.
You feel strangely unstable.
Urug hits you from afar with an enchanted halberd!!
Ouch! That really hurt!
You die...

#.#
#o#...#.PP.P..
#.#
#.#...#.....P.h.
#.#
#.##.##...?.....
#.# #..?.
..PP..... #.#
#..####...PPP...
#.#
#........P.PPP..
#.#
##(###o##...PP..
#.# #.#
##(#.P..PPP #.##
#.# ##@.......
...## #.#
##.##.... #.#.##
#.# .# . #.##.##
#.# .# #.###.#
#.######.#
#.##.##
#.#......#
#.#.##
#.......>. ...##
###.###### #.##
.#


You could see Urug and a black bear (wandering).

Vanquished Creatures
  A two-headed ogre (D:10)
  Pikel (D:7)
  3 hippogriffs
  Sigmund (D:2)
  A hungry ghost (D:7)
  A water moccasin (D:9)
  3 orc warriors
  3 porcupines
  7 ogres
  A sky beast (D:5)
  A black bear (D:10)
  An eye of draining (D:9)
  2 ice beasts (D:8)
  A slave (D:7)
  4 centaurs
  2 big kobolds (D:8)
  3 bullfrogs
  The ghost of Regeox the Chopper, a weakling HOMo (D:3)
  A killer bee (D:7)
  3 scorpions
  5 wights (D:7)
  2 howler monkeys
  3 crimson imps
  3 hounds
  2 centaur zombies
  A centaur skeleton (D:9)
  10 orc wizards
  7 orc priests
  A bullfrog skeleton (D:7)
  2 jellies
  Crazy Yiuf (D:7)
  3 iguanas
  4 worker ants
  4 ogre zombies (Ossuary)
  A hound zombie (D:6)
  7 mummies (Ossuary)
  A gnoll (D:2)
  17 adders
  3 shadow imps
  An ooze (D:3)
  3 adder skeletons
  4 adder zombies (Ossuary)
  5 worms
  2 dart slugs
  8 leopard geckos
  42 orcs
  7 bats
  3 giant cockroaches
  A gnoll zombie (Ossuary)
  10 goblins
  6 hobgoblins (D:1)
  19 jackals
  12 kobolds
  5 quokkas
  10 frilled lizards
  3 goblin zombies (Ossuary)
  8 hobgoblin zombies (Ossuary)
  5 kobold zombies (Ossuary)
  An orc zombie (Ossuary)
  3 quokka zombies
  9 rats
  2 rat zombies (Ossuary)
  2 fungi (D:7)
289 creatures vanquished.

Vanquished Creatures (others)
  A slave (D:7)
  A howler monkey (D:7)
  An orc (D:7)
  24 fungi (D:10)
  16 plants (D:10)
43 creatures vanquished.

Grand Total: 332 creatures vanquished

Notes
Turn   | Place    | Note
-------+----------+-------------------------------------------
     0 | D:1      | Folque the Tengu Conjurer began the quest for the Orb.
     0 | D:1      | Reached XP level 1. HP: 10/10 MP: 4/4
   327 | D:1      | Reached skill level 1 in Fighting
   327 | D:1      | Reached XP level 2. HP: 12/16 MP: 6/6
   791 | D:1      | Learned a level 2 spell: Searing Ray
   892 | D:1      | Reached XP level 3. HP: 21/21 MP: 7/7
   993 | D:2      | Learned a level 3 spell: Dazzling Spray
  1246 | D:2      | Found a shimmering altar of Xom.
  1247 | D:2      | Found an opulent altar of Gozag.
  1247 | D:2      | Found a burning altar of Makhleb.
  1249 | D:2      | Found a snail-covered altar of Cheibriados.
  1256 | D:2      | Found a stormy altar of Qazlal.
  1256 | D:2      | Found a glowing golden altar of the Shining One.
  1259 | D:2      | Found a sacrificial altar of Ru.
  1261 | D:2      | Found a radiant altar of Vehumet.
  1586 | D:2      | Noticed Sigmund
  1610 | D:2      | Killed Sigmund
  1610 | D:2      | Reached XP level 4. HP: 25/29 MP: 0/10
  1610 | D:2      | Gained mutation: You can fly. [Tengu growth]
  1610 | D:2      | Reached XP level 5. HP: 28/33 MP: 0/11
  2030 | D:2      | HP: 1/33 [gnoll/spear (12)]
  2146 | D:3      | Reached XP level 6. HP: 33/38 MP: 0/12
  2175 | D:3      | Noticed Regeox's ghost (weakling HOMo)
  2624 | D:2      | Reached skill level 6 in Conjurations
  3928 | D:3      | Learned a level 4 spell: Iskenderun's Mystic Blast
  3981 | D:3      | Killed Regeox's ghost
  3981 | D:3      | Reached skill level 7 in Conjurations
  3981 | D:3      | Reached XP level 7. HP: 43/43 MP: 0/14
  4617 | D:4      | Noticed Menkaure
  4672 | D:4      | Found a hazy altar of Hepliaklqana.
  4985 | D:4      | Found a staircase to the Ecumenical Temple.
  4995 | Temple   | Entered the Ecumenical Temple
  5067 | Temple   | Became a worshipper of Sif Muna the Loreminder
  5405 | D:4      | Reached skill level 8 in Conjurations
  5489 | D:5      | Entered Level 5 of the Dungeon
  6189 | D:5      | Noticed a moth of wrath
  6194 | D:5      | Reached skill level 5 in Spellcasting
  6305 | D:5      | Found a bloodstained altar of Trog.
  6453 | D:5      | Reached skill level 9 in Conjurations
  6453 | D:5      | Reached XP level 8. HP: 45/48 MP: 16/16
  6710 | D:6      | Found a sparkling altar of Nemelex Xobeh.
  6721 | D:6      | Reached * piety under Sif Muna
  6797 | D:6      | Found a sand-covered staircase.
  6801 | Ossuary  | Entered an ossuary
  7489 | Ossuary  | Reached skill level 10 in Conjurations
  8024 | D:6      | Reached ** piety under Sif Muna
  8103 | D:6      | Reached skill level 11 in Conjurations
  8109 | D:6      | Learned a level 4 spell: Force Lance
  8454 | D:6      | Reached skill level 1 in Translocations
  8545 | D:6      | Reached XP level 9. HP: 52/52 MP: 14/19
  9456 | D:7      | Found a sparkling altar of Nemelex Xobeh.
  9466 | D:7      | Reached *** piety under Sif Muna
 10360 | D:7      | Noticed Pikel
 10379 | D:7      | Killed Pikel
 10456 | D:7      | Reached XP level 10. HP: 56/56 MP: 0/21
 10576 | D:7      | Found a sacrificial altar of Ru.
 10680 | D:7      | Reached skill level 12 in Conjurations
 10970 | D:7      | Found a runed door.
 10974 | D:7      | Noticed Crazy Yiuf
 10975 | D:7      | Killed Crazy Yiuf
 11285 | D:8      | Found Nagedeho's Weapon Emporium.
 11832 | D:8      | Reached **** piety under Sif Muna
 12597 | D:10     | Entered Level 10 of the Dungeon
 12597 | D:10     | Noticed a two-headed ogre
 12605 | D:9      | Found a hide-covered altar of Uskayaw.
 13442 | D:10     | Reached skill level 5 in Translocations
 13442 | D:10     | Reached skill level 5 in Invocations
 13444 | D:10     | Noticed Fannar
 13733 | D:10     | Killed a two-headed ogre
 13733 | D:10     | Reached skill level 13 in Conjurations
 13812 | D:10     | Noticed Urug
 13828 | D:10     | Mangled by Urug

Skill      XL: |  1  2  3  4  5  6  7  8  9 10 |
---------------+-------------------------------+-----
Fighting       | 1 4 |  4.1
Spellcasting   | 3 4 5 6 7 |  7.4
Conjurations   | 7 9 11 13 | 13.3
Translocations | 1 4 5 |  5.0
Polearms       | 2 4 |  4.0
Invocations    | 2 5 |  5.1
Dodging        | |  2.1
Stealth        | |  2.0

Action                   |  1- 3 |  4- 6 |  7- 9 | 10-12 || total
-------------------------+-------+-------+-------+-------++-------
Melee: Short sword       |    46 |       |       |       ||    46
       Unarmed           |     3 |       |       |       ||     3
       Kick              |     6 |     7 |    27 |    18 ||    58
       Peck              |     4 |     8 |    19 |     8 ||    39
       Scythe            |       |    77 |   242 |   111 ||   430
 Cast: Magic Dart        |    29 |    26 |    38 |     7 ||   100
       Searing Ray       |     1 |    16 |    30 |     9 ||    56
       Dazzling Spray    |     1 |     3 |    21 |     8 ||    33
       Iskenderun's Myst |       |     1 |    29 |    28 ||    58
       Force Lance       |       |       |    34 |    43 ||    77
Invok: Channel Magic     |       |       |       |     2 ||     2
 Abil: Fly               |       |       |     1 |       ||     1
Evoke: Wand              |       |       |     3 |    11 ||    14
  Use: Potion            |       |     2 |     3 |     6 ||    11
       Scroll            |       |     4 |    12 |    11 ||    27
 Stab: Sleeping          |     3 |     7 |    13 |       ||    23
       Distracted        |     1 |       |       |       ||     1
       Invisible         |       |       |     1 |       ||     1
  Eat: Chunk             |     2 |     9 |    25 |    18 ||    54
       Bread ration      |       |       |     1 |       ||     1
       Meat ration       |       |       |     1 |       ||     1
Armor: Robe              |    11 |    25 |    37 |    26 ||    99
       Skin              |       |       |     9 |       ||     9
Dodge: Dodged            |    21 |    58 |   176 |    98 ||   353
